[gd_scene load_steps=12 format=3 uid="uid://ddvg2qjb3h7rs"]

[ext_resource type="Script" uid="uid://bqstj7ubfag1c" path="res://classes/CharacterSprite.gd" id="1_1i73b"]
[ext_resource type="Texture2D" uid="uid://bnnqy1rt02p4j" path="res://assets/images/characters/court/edgeworth/idle/pose.png" id="1_44t7h"]
[ext_resource type="Texture2D" uid="uid://8rhussgwtdpg" path="res://assets/images/characters/court/edgeworth/idle/eye0.png" id="2_5pom4"]
[ext_resource type="Texture2D" uid="uid://bav4mnm2qkr8t" path="res://assets/images/characters/court/edgeworth/idle/eye1.png" id="3_nvof0"]
[ext_resource type="Texture2D" uid="uid://bsrdd8mp26on1" path="res://assets/images/characters/court/edgeworth/idle/mouth0.png" id="4_7yr3a"]
[ext_resource type="Texture2D" uid="uid://bhj3g5uwdc4gk" path="res://assets/images/characters/court/edgeworth/idle/mouth1.png" id="5_y1nip"]

[sub_resource type="Animation" id="Animation_xaqat"]
length = 0.001
tracks/0/type = "value"
tracks/0/imported = false
tracks/0/enabled = true
tracks/0/path = NodePath("Eyes/Eyes0:visible")
tracks/0/interp = 1
tracks/0/loop_wrap = true
tracks/0/keys = {
"times": PackedFloat32Array(0),
"transitions": PackedFloat32Array(1),
"update": 1,
"values": [false]
}
tracks/1/type = "value"
tracks/1/imported = false
tracks/1/enabled = true
tracks/1/path = NodePath("Eyes/Eyes1:visible")
tracks/1/interp = 1
tracks/1/loop_wrap = true
tracks/1/keys = {
"times": PackedFloat32Array(0),
"transitions": PackedFloat32Array(1),
"update": 1,
"values": [false]
}

[sub_resource type="AnimationLibrary" id="AnimationLibrary_p5637"]
_data = {
&"RESET": SubResource("Animation_xaqat")
}

[sub_resource type="Animation" id="Animation_nn1gf"]
resource_name = "Mouth"
length = 0.6
loop_mode = 1
tracks/0/type = "value"
tracks/0/imported = false
tracks/0/enabled = true
tracks/0/path = NodePath("Mouth/Mouth0:visible")
tracks/0/interp = 1
tracks/0/loop_wrap = true
tracks/0/keys = {
"times": PackedFloat32Array(0, 0.15, 0.3, 0.45),
"transitions": PackedFloat32Array(1, 1, 1, 1),
"update": 1,
"values": [false, true, false, true]
}
tracks/1/type = "value"
tracks/1/imported = false
tracks/1/enabled = true
tracks/1/path = NodePath("Mouth/Mouth1:visible")
tracks/1/interp = 1
tracks/1/loop_wrap = true
tracks/1/keys = {
"times": PackedFloat32Array(0, 0.15, 0.3, 0.45),
"transitions": PackedFloat32Array(1, 1, 1, 1),
"update": 1,
"values": [false, false, true, false]
}

[sub_resource type="AnimationLibrary" id="AnimationLibrary_g8sju"]
_data = {
&"Mouth": SubResource("Animation_nn1gf")
}

[sub_resource type="AnimationLibrary" id="AnimationLibrary_2qkhh"]

[node name="EdgFrontIdle" type="Node2D"]
script = ExtResource("1_1i73b")
metadata/_custom_type_script = "uid://bqstj7ubfag1c"

[node name="EyesAnimation" type="AnimationPlayer" parent="."]
libraries = {
&"": SubResource("AnimationLibrary_p5637")
}

[node name="MouthAnimation" type="AnimationPlayer" parent="."]
libraries = {
&"": SubResource("AnimationLibrary_g8sju")
}

[node name="StartupAnimation" type="AnimationPlayer" parent="."]
libraries = {
&"": SubResource("AnimationLibrary_2qkhh")
}

[node name="BaseLayer" type="Sprite2D" parent="."]
position = Vector2(1370.5, 485)
texture = ExtResource("1_44t7h")

[node name="Eyes" type="Node2D" parent="."]
position = Vector2(1370.5, 971)

[node name="Timer" type="Timer" parent="Eyes"]
wait_time = 3.0
one_shot = true
autostart = true

[node name="Eyes0" type="Sprite2D" parent="Eyes"]
visible = false
position = Vector2(-174.5, -810)
texture = ExtResource("2_5pom4")

[node name="Eyes1" type="Sprite2D" parent="Eyes"]
visible = false
position = Vector2(-174.5, -810)
texture = ExtResource("3_nvof0")

[node name="Mouth" type="Node2D" parent="."]
position = Vector2(1370.5, 971)

[node name="Mouth0" type="Sprite2D" parent="Mouth"]
visible = false
position = Vector2(-134.5, -675)
texture = ExtResource("4_7yr3a")

[node name="Mouth1" type="Sprite2D" parent="Mouth"]
visible = false
position = Vector2(-134.5, -675)
texture = ExtResource("5_y1nip")
